 Dungeon Crawl Stone Soup version 0.27-a0-1181-g5f64966fcc (webtiles) character file.

Game seed: 6408991429120756485

42 ZappyNine the Skirmisher (level 3, -2/31 HPs)
             Began as a Demigod Fighter on May 17, 2021.
             Slain by an orc
             ... wielding a +0 war axe
              (8 damage)
             ... on level 3 of the Dungeon.
             The game lasted 00:01:19 (1454 turns).

ZappyNine the Skirmisher (Demigod Fighter)          Turns: 1454, Time: 00:01:20

Health: -2/31      AC:  8    Str: 21    XL:     3   Next: 17%
Magic:  5/5        EV:  7    Int: 10    God:
Gold:   50         SH:  9    Dex: 13    Spells: 2/2 levels left

rFire    . . .     SeeInvis .   a - +0 flail
rCold    . . .     Faith    .   c - +0 kite shield
rNeg     . . .     Spirit   .   b - +0 scale mail
rPois    .         Reflect  .   e - +0 helmet
rElec    .         Harm     .   (no cloak)
rCorr    .         Rampage  .   (no gloves)
Will     .....                  (no boots)
Stlth    ..........             (no amulet)
HPRegen  0.10/turn              (no ring)
MPRegen  0.09/turn              (no ring)

@: no status effects
A: high mp 1, forlorn
a: no special abilities


You were on level 3 of the Dungeon.
You visited 1 branch of the dungeon, and saw 3 of its levels.

You collected 50 gold pieces.

Inventory:

Hand Weapons
 a - a +0 flail (weapon)
Armour
 b - a +0 scale mail (worn)
 c - a +0 kite shield (worn)
 e - a +0 helmet (worn)
Scrolls
 f - a scroll of enchant armour {unknown}
 g - 2 scrolls of teleportation {unknown}
 h - a scroll of immolation {unknown}
Potions
 d - a potion of curing {unknown}


   Skills:
 + Level 3.2 Fighting
 + Level 2.4 Maces & Flails
 + Level 3.2 Armour
 - Level 2.6 Shields


You had 2 spell levels left.
You didn't know any spells.
Your spell library contained the following spells:

 Spells                   Type           Power      Damage    Failure   Level
 Confusing Touch          Hex            0%         N/A       100%        3
 Gell's Gravitas          Tloc           0%         N/A       100%        3
 Petrify                  Tmut/Erth      0%         N/A       100%        4
 Metabolic Englaciation   Hex/Ice        0%         N/A       100%        5
 Yara's Violent Unravell  Hex/Tmut       0%         3d3       100%        5


Dungeon Overview and Level Annotations

Branches:
Dungeon (2/15)

Shops:
D:3 =


Innate Abilities, Weirdness & Mutations

Your attributes grow dramatically as you level up.
You have an increased reservoir of magic. (+10% MP)
You shall have no god before yourself.


Message History

* * * LOW HITPOINT WARNING * * *
You barely miss the orc. The orc hits you but does no damage.
You block the orc's attack.
You hit the orc.
The orc is moderately wounded.
The orc barely misses you.
You sock the orc!
You kill the orc!
You barely miss the worm. The worm barely misses you.
You sock the worm!
The worm is heavily wounded.
The worm barely misses you.
You sock the worm!
The worm is almost dead.
You block the worm's attack.
You barely miss the worm.
The worm is almost dead.
You block the worm's attack.
You sock the worm!
You kill the worm!
You sock the hobgoblin!
You kill the hobgoblin!
Items here: ))) [ ††††.
You feel a little less mighty now.
d - a sedimented red potion You start resting.
An orc comes into view. It is wielding a +0 war axe.
An orc is nearby!
An orc is nearby!
The orc shouts!
Items here: ))) [ ††††.
You start resting.
An orc is nearby!
An orc is nearby!
Press: ? - help, v - describe, . - travel, g - get item
Here: an orc, wielding a +0 war axe and wearing a +0 leather armour
Items here: ))) [ ††††.
The floor.
The orc hits you with a +0 war axe!
You die...

#.# #.# ##.##
...
#.####.###.#.#
#..........o.#
#.#.##.###.###
#o# #@#
#.#######
#.......########
#...............
#...........#
#.#.####....#
#.#.#
#....######
#.#.#
#....#.....
..#.#
#....#.....


You could see an orc.

Vanquished Creatures
  A worm (D:3)
  4 orcs (D:3)
  2 ball pythons (D:2)
  2 bats
  2 endoplasms (D:1)
  2 giant cockroaches
  3 goblins
  3 hobgoblins
  5 jackals (D:1)
  A quokka (D:1)
  A frilled lizard (D:1)
  2 kobolds (D:1)
  A rat (D:1)
29 creatures vanquished.

Notes
Turn   | Place    | Note
-------+----------+-------------------------------------------
     0 | D:1      | ZappyNine the Demigod Fighter began the quest for the Orb.
     0 | D:1      | Reached XP level 1. HP: 18/18 MP: 3/3
   345 | D:1      | Reached XP level 2. HP: 25/25 MP: 4/4
  1037 | D:1      | You fall into a shaft and drop 1 floor!
  1200 | D:2      | You fall into a shaft and drop 1 floor!
  1200 | D:3      | Found Aguk Casm's Jewellery Emporium.
  1412 | D:3      | Reached XP level 3. HP: 5/31 MP: 5/5
  1454 | D:3      | Slain by an orc

Illustrated notes

Levels and vault maps discovered:
D:1:      heliophobic_arrival_enchanted_forest, layout_basic,
          serial_co_window_serial, co_window_paths_b, co_window_cross_1,
          co_window_corner_a, co_window_paths_b, co_window_of_opportunity_a,
          co_window_unsneaky_path_a, co_window_corner_cb, co_window_paths_c,
          co_window_4corner_a
D:2:      layout_basic, ebering_ecumenical_altar_ruins, minmay_lizard_pond
D:3:      layout_basic, serial_shops, shop_fountains

Skill      XL: |  1  2 |
---------------+-------+-----
Maces & Flails | 2 |  2.4
Fighting       | 3 |  3.2
Armour         | 3 |  3.2
Shields        | |  2.6

Action                   || total
-------------------------++-------
Melee: Flail             ||   129
  Use: Potion            ||     1
Armor: Scale mail        ||    70
Dodge: Dodged            ||    47
Block: Kite shield       ||    75

Table legend: (Time is in decaauts)
 A = Elapsed time spent in this place.
 B = Non-inter-level travel time spent in this place.
 C = Inter-level travel time spent in this place.
 D = Time resting spent in this place.
 E = Time spent auto-exploring this place.
 F = Levels seen in this place.
 G = Mean time per level.
                   A        B        C        D        E       F      G
               +--------+--------+--------+--------+--------+-----+--------+
         Total |   1523 |   1523 |      0 |     22 |   1197 |   3 |  507.7 |
       Dungeon |   1523 |   1523 |      0 |     22 |   1197 |   3 |  507.7 |
               +--------+--------+--------+--------+--------+-----+--------+

Top non-repeatable levels by time:
     D:1: 1071 daAuts
     D:3: 274 daAuts
     D:2: 177 daAuts
